 Dungeon Crawl Stone Soup version 0.32-a0-411-g744942f433 (webtiles) character file.

Game seed: 13904829418924494127

964 shadowstone the Ruffian (level 7, 0/70 HPs)
             Began as a Troll Berserker on Feb 21, 2024.
             Was a Priest of Trog.
             Succumbed to a scorpion's poison
             ... on level 5 of the Dungeon.
             The game lasted 00:10:27 (5215 turns).

shadowstone the Ruffian (Troll Berserker)           Turns: 5215, Time: 00:10:28

Health: 0/70       AC:  4    Str: 28    XL:     7   Next: 93%
Magic:  6/6        EV: 10    Int:  3    God:    Trog [***...]
Gold:   107        SH:  0    Dex:  9    Spells: 6/6 levels left

rFire   x . .        i - +0 giant spiked club
rCold   + . .        (shield currently unavailable)
rNeg    . . .        k - +0 robe {Will+}
rPois   .            (helmet restricted)
rElec   .            (no cloak)
rCorr   .            (gloves unavailable)
SInv    .            (boots unavailable)
Will    +....        (no amulet)
Stlth   +            n - ring of ice
HPRegen 1.11/turn    (no ring)
MPRegen 0.10/turn

%: no passive effects
@: lethally poisoned (0 -> -16)
A: large, unfitting armour, claws 3, regeneration 1, shaggy fur 1, tough skin 1
a: Renounce Religion, Berserk, Trog's Hand


You were on level 5 of the Dungeon.
You worshipped Trog.
Trog was most pleased with you.
You visited 1 branch of the dungeon, and saw 5 of its levels.

You collected 107 gold pieces.

Inventory:

Hand Weapons
 f - a +0 dagger
 i - a +0 giant spiked club (weapon)
 l - a +0 flail
Armour
 a - a +0 animal skin
 c - a +0 robe
 k - a +0 robe of willpower (worn)
Jewellery
 n - a ring of ice (left claw)
 p - a ring of willpower
Scrolls
 g - 4 scrolls of identify
 h - a scroll of enchant weapon
Potions
 b - a potion of lignification {unknown}
 d - 2 potions of attraction {unknown}
 e - 2 potions of enlightenment {unknown}
 j - 4 potions of curing
 m - a potion of heal wounds {unknown}
 o - a potion of might {unknown}


   Skills:
 + Level 4.0 Fighting
 + Level 4.7 Dodging
 + Level 1.3 Stealth
 + Level 6.7 Unarmed Combat


You had 6 spell levels left.
You didn't know any spells.
Your spell library was empty.

Dungeon Overview and Level Annotations

Branches:
Dungeon (5/15)
 Temple: D:4-7

Altars:
Cheibriados
Qazlal
Uskayaw

Shops:
D:3 ?


Innate Abilities, Weirdness & Mutations

You are too large for most types of armour.
You have claws for hands.
Your natural rate of healing is unusually fast.
You are covered in fur. (AC +1)
You have tough skin. (AC +1)


Message History

You kill the howler monkey!
Trog accepts your kill. The adder closely misses you.
The scorpion barely misses you. The adder bites you. The scorpion stings you!
You are poisoned.
The scorpion poisons you! The adder bites you.
You are more poisoned.
The adder poisons you!
You barely miss the scorpion.
You feel very sick. The adder bites you but does no damage.
The scorpion stings you. The adder closely misses you.
The scorpion barely misses you. The adder bites you.
You closely miss the scorpion.
You feel very sick. The scorpion stings you.
The adder bites you but does no damage. The scorpion stings you.
You are more poisoned.
The scorpion poisons you! The adder bites you but does no damage.
The scorpion closely misses you.
You barely miss the scorpion.
You feel very sick. The adder bites you but does no damage.
The scorpion stings you.
* * * LOW HITPOINT WARNING * * *
You are more poisoned.
The scorpion poisons you! The adder bites you.
* * * LOW HITPOINT WARNING * * *
You are more poisoned.
The adder poisons you! The scorpion barely misses you.
You closely miss the scorpion.
* * * LOW HITPOINT WARNING * * *
You feel extremely sick. The adder barely misses you.
The scorpion barely misses you. The adder bites you but does no damage.
The scorpion stings you.
* * * LOW HITPOINT WARNING * * *
You are more poisoned.
The scorpion poisons you!
You completely miss the scorpion.
You die...

................##......
........................
...............#......##
...............#......
...............#......
...............# ......
...............# ......
.....BS........... ....#
......s@.......#####+#..
$.......................
...............##.......
...............##.......
...............##.......
...............##.......
............... #.......
............... #.......
##.#####


You could see a scorpion, a bombardier beetle and an adder.

Vanquished Creatures
  A water moccasin (D:5)
  An ogre (D:5)
  3 scorpions
  2 howler monkeys
  A bombardier beetle (D:4)
  2 jellies
  4 iguanas
  A sleepcap (D:4)
  An orc wizard (D:3)
  Robin (D:2)
  6 adders
  2 ufetubi (D:3)
  4 dart slugs
  3 ribbon worms
  9 orcs
  3 bats
  8 endoplasms
  16 goblins
  14 hobgoblins
  4 jackals (D:3)
  7 kobolds
  5 quokkas
  5 ball pythons
  10 frilled lizards
  3 rats
116 creatures vanquished.

Notes
Turn   | Place    | Note
-------+----------+-------------------------------------------
     0 | D:1      | shadowstone the Troll Berserker began the quest for the
                  | Orb.
     0 | D:1      | Reached XP level 1. HP: 22/22 MP: 0/0
   147 | D:1      | Reached XP level 2. HP: 26/29 MP: 1/1
   333 | D:1      | Reached XP level 3. HP: 36/36 MP: 2/2
   884 | D:2      | Reached ** piety under Trog
   933 | D:2      | Found a faded altar of an unknown god.
  1022 | D:2      | Reached XP level 4. HP: 40/45 MP: 3/3
  1167 | D:2      | Reached skill level 4 in Unarmed Combat
  1292 | D:2      | Noticed Robin
  2342 | D:2      | Killed Robin
  2960 | D:3      | Reached XP level 5. HP: 46/53 MP: 4/4
  3055 | D:3      | Found Getaujy's Magic Scroll Shop.
  3143 | D:3      | Found a hide-covered altar of Uskayaw.
  3200 | D:3      | Found a stormy altar of Qazlal.
  3231 | D:3      | Found a snail-covered altar of Cheibriados.
  3357 | D:3      | Reached skill level 5 in Unarmed Combat
  3357 | D:3      | Reached XP level 6. HP: 61/61 MP: 5/5
  3364 | D:3      | Reached *** piety under Trog
  4177 | D:4      | HP: 2/61 [iguana (13)]
  4179 | D:4      | Reached XP level 7. HP: 4/67 MP: 6/6
  4513 | D:4      | Reached skill level 1 in Stealth
  4731 | D:4      | Reached skill level 6 in Unarmed Combat
  4786 | D:5      | Entered Level 5 of the Dungeon
  5215 | D:5      | Succumbed to a scorpion's poison

Illustrated notes

Levels and vault maps discovered:
D:1:      erik_arrival_triangle_small, layout_loops_cross, item_on_display_a
D:2:      layout_basic, hellmonk_ecumenical_altar_run_dry,
          amcnicky_mini_rare_corridor_liquid, reono_crystal_passage,
          minivault_19, chequers_jeans, serial_bayou_lagoon_b, uniq_robin
D:3:      layout_basic, nicolae_uskayaw_dance_hall, slow_altar_1,
          lemuel_crystal_altar, serial_shops, shop
D:4:      layout_basic, nicolae_dithmenos_the_darkroom, nicolae_half_adder
D:5:      layout_basic, mainiacjoe_overflow_boulevard, uniq_sigmund

Skill      XL: |  1  2  3  4  5  6  7 |
---------------+----------------------+-----
Fighting       | 3 4 |  4.0
Dodging        | 3 4 |  4.7
Unarmed Combat | 4 5 6 |  6.7
Stealth        | 1 |  1.3

Action                     |  1- 3 |  4- 6 |  7- 9 || total
---------------------------+-------+-------+-------++-------
  Melee: Unarmed           |    93 |   170 |    45 ||   308
         Punch             |     1 |     5 |       ||     6
         Giant spiked club |       |       |    16 ||    16
 Invoke: Trog's Hand       |       |     1 |       ||     1
    Use: Scroll            |     2 |     4 |       ||     6
   Stab: Sleeping          |       |     1 |     1 ||     2
 Armour: Animal skin       |    30 |       |       ||    30
         Robe              |    53 |   272 |    64 ||   389
  Dodge: Dodged            |    70 |   173 |    25 ||   268

Table legend: (Time is in decaauts)
 A = Elapsed time spent in this place.
 B = Non-inter-level travel time spent in this place.
 C = Inter-level travel time spent in this place.
 D = Time resting spent in this place.
 E = Time spent auto-exploring this place.
 F = Levels seen in this place.
 G = Mean time per level.
                   A        B        C        D        E       F      G
               +--------+--------+--------+--------+--------+-----+--------+
         Total |   5200 |   5142 |     58 |   2329 |    997 |   5 | 1040.0 |
       Dungeon |   5200 |   5142 |     58 |   2329 |    997 |   5 | 1040.0 |
               +--------+--------+--------+--------+--------+-----+--------+

Top non-repeatable levels by time:
     D:1: 1790 daAuts
     D:2: 1111 daAuts
     D:4: 934 daAuts
     D:3: 926 daAuts
     D:5: 437 daAuts
